AoeStats
← vaultinaround

Four Lakes

509802787Analyzed
1v1 RM · 5d ago on Sep 28, 2026· 35m 24s· 2 players
Game mode
Random Map
Map size
Tiny (2 player)
Population
200
Speed
Normal
Resources
Standard
Victory
Conquest
Starting age
Dark Age
Ending age
Imperial Age
RankedLock teamsTeams togetherTeam positionsShared explorationLock speedFull tech treeHidden civsTurbo modeCheats
Victory
Defeat
🇺🇸 Celts · United States
992
+14
🇵🇪 Mongols · Peru
957
-14
kerry capoya
9:23 Feudal Age
8:19 Loom
18:54 Castle Age
17:04 Fletching
18:26 Wheelbarrow
19:24 Crossbowman
23:39 Thumb Ring
23:21 Pikeman
25:17 Double-Bit Axe
27:49 Bodkin Arrow
34:03 Forging
vaultinaround
3:28 Loom
11:18 Feudal Age
11:52 Double-Bit Axe
13:44 Fishing Lines
15:19 Man-at-Arms
15:56 Horse Collar
25:52 Castle Age
24:16 Forging
24:33 Gold Mining
25:02 Scale Barding Armor
25:38 Scale Mail Armor
25:56 Long Swordsman
26:21 Gambesons
26:02 Light Cavalry
35:44 Chain Mail Armor
Connection lost

Rejoining the realm…

Still unreachable

The connection could not be restored.

Session expired

The server has moved on; the page needs a fresh start.